 Seeded DCSS version 0.30.0-18-gc0e69614cb (webtiles) character file.

Game seed: 424073725385337585 (custom seed)

192 Hubris850 the Digger (level 5, 0/38 HPs)
             Began as a Draconian Earth Elementalist on May 23, 2023.
             Slain by a scorpion (3 damage)
             ... on level 4 of the Dungeon.
             The game lasted 00:07:26 (2953 turns).

Hubris850 the Digger (Draconian Earth Elementalist) Turns: 2953, Time: 00:07:28

Health: 0/38       AC:  7    Str: 10    XL:     5   Next: 42%
Magic:  1/9        EV: 12    Int: 18    God:
Gold:   159        SH:  0    Dex: 11    Spells: 4/10 levels left

rFire   . . .        k - +2 dagger (vamp)
rCold   . . .        (no shield)
rNeg    . . .        (body armour unavailable)
rPois   .            (helmet restricted)
rElec   .            (no cloak)
rCorr   .            h - +0 pair of gloves
SInv    .            j - +0 pair of boots
Will    .....        i - amulet of regeneration
Stlth   ++           (no ring)
HPRegen 1.06/turn    (no ring)
MPRegen 0.11/turn

%: no passive effects
@: lethally poisoned (0 -> -1)
A: AC +5, unfitting armour, cold-blooded
a: no special abilities


You were on level 4 of the Dungeon.
You visited 1 branch of the dungeon, and saw 4 of its levels.

You collected 159 gold pieces.

Inventory:

Hand Weapons
 d - a +0 dagger
 k - a +2 vampiric dagger (weapon)
 r - a +1 spectral club
Armour
 h - a +0 pair of gloves (worn)
 j - a +0 pair of boots (worn)
Jewellery
 i - an amulet of regeneration (around neck)
Wands
 q - a wand of paralysis (3)
Scrolls
 b - 3 scrolls of identify {unknown}
 c - a scroll of butterflies {unknown}
 f - 2 scrolls of amnesia {unknown}
 n - a scroll of magic mapping {unknown}
 o - a scroll of teleportation {unknown}
 p - a scroll of blinking {unknown}
 s - a scroll of fear {unknown}
Potions
 a - a potion of magic
 e - 2 potions of curing {unknown}
 g - a potion of haste {unknown}
 l - 4 potions of heal wounds {unknown}
 m - 2 potions of attraction {unknown}
 t - a potion of cancellation {unknown}


   Skills:
 - Level 1.7 Dodging
 - Level 3.0 Stealth
 + Level 3.0 Spellcasting
 + Level 1.6 Conjurations
 + Level 2.5 Transmutations
 + Level 3.9 Earth Magic


You had 4 spell levels left.
You knew the following spells:

 Your Spells              Type           Power      Damage    Failure   Level
a - Sandblast             Erth           32%        2d9       3%          1
b - Passwall              Tmut/Erth      11%        N/A       7%          2
c - Stone Arrow           Conj/Erth      24%        3d8       16%         3

Your spell library contained the following spells:

 Spells                   Type           Power      Damage    Failure   Level
 Wereblood                Tmut           11%        N/A       9%          2
 Summon Small Mammal      Summ           8%         N/A       16%         1
 Sublimation of Blood     Necr           2%         N/A       24%         2
 Petrify                  Tmut/Erth      14%        N/A       41%         4
 Call Canine Familiar     Summ           2%         N/A       43%         3
 Summon Guardian Golem    Hex/Summ       2%         N/A       43%         3
 Vampiric Draining        Necr           2%         2d6       43%         3
 Yara's Violent Unravell  Hex/Tmut       3%         3d4       95%         5
 Summon Hydra             Summ           1%         N/A       100%        7


Dungeon Overview and Level Annotations

Branches:
Dungeon (4/15)
 Temple: D:4-7

Altars:
Wu Jian


Innate Abilities, Weirdness & Mutations

Your plain brown scales are hard. (AC +5)
You cannot fit into any form of body armour.
You are cold-blooded and may be slowed by cold attacks.


Message History

The scorpion stings you.
You are more poisoned.
The scorpion poisons you! The scorpion barely misses you.
The blast of sand hits the scorpion but does no damage.
The scorpion is heavily wounded.
You feel extremely sick.
The scorpion stings you but does no damage.
The scorpion stings you.
You are too injured to fight recklessly!
You are too injured to fight recklessly!
Casting: Sandblast (safe; 3% risk of failure)
Confirm with . or Enter, or press ? or * to list all spells.
Aiming: Sandblast (safe; 3% risk of failure)
Press: ? - help, Shift-Dir - straight line, f/p - scorpion
Aim: a scorpion (heavily wounded, 82% to hit)
The blast of sand hits the scorpion.
The scorpion is severely wounded.
You feel very sick. The scorpion stings you.
* * * LOW HITPOINT WARNING * * *
Casting: Sandblast (safe; 3% risk of failure)
Confirm with . or Enter, or press ? or * to list all spells.
Aiming: Sandblast (safe; 3% risk of failure)
Press: ? - help, Shift-Dir - straight line, f/p - scorpion
Aim: a scorpion (severely wounded, 82% to hit)
The blast of sand hits the scorpion.
The scorpion is almost dead.
* * * LOW HITPOINT WARNING * * *
You feel very sick. The scorpion barely misses you.
The scorpion closely misses you.
Casting: Sandblast (safe; 3% risk of failure)
Confirm with . or Enter, or press ? or * to list all spells.
Aiming: Sandblast (safe; 3% risk of failure)
Press: ? - help, Shift-Dir - straight line, f/p - scorpion
Aim: a scorpion (almost dead, 82% to hit)
The blast of sand hits the scorpion.
The scorpion is almost dead.
You feel very sick. The scorpion stings you.
You die...

################
#...<...........
.######.#############.
.......<# ##### #.
.############...#####.
...................#.#
>#######..#.........##
#.@.............##
#s###..#.......#.## #.
#..##.....###.# #.
#..###...## ##. ..
#..# ##.## #. .. #..#
#.# #. ... #..# #.. ..
... ...# #### #.. #..#
...


You could see a scorpion.

Vanquished Creatures
  Ijyb (D:3)
  An iguana (D:4)
  3 gnolls (D:3)
  An adder (D:3)
  3 dart slugs
  3 orcs (D:3)
  3 ball pythons (D:1)
  7 bats
  10 endoplasms
  4 giant cockroaches
  10 goblins
  13 hobgoblins
  10 jackals
  7 kobolds
  2 quokkas
  A frilled lizard (D:2)
  7 rats
86 creatures vanquished.

Notes
Turn   | Place    | Note
-------+----------+-------------------------------------------
     0 | D:1      | Hubris850 the Draconian Earth Elementalist began the quest
                  | for the Orb.
     0 | D:1      | Reached XP level 1. HP: 14/14 MP: 3/3
   242 | D:1      | Reached XP level 2. HP: 20/20 MP: 1/5
   653 | D:1      | Reached XP level 3. HP: 26/26 MP: 4/6
   853 | D:1      | Learned a level 2 spell: Passwall
   857 | D:1      | Learned a level 3 spell: Stone Arrow
  1308 | D:2      | Got Sif Muna's Book of the Gestalt and Diablerie
  1919 | D:2      | Reached XP level 4. HP: 33/33 MP: 7/7
  2295 | D:3      | Reached skill level 1 in Conjurations
  2456 | D:3      | Noticed Ijyb
  2460 | D:3      | Paralysed by Ijyb for 4 turns
  2468 | D:3      | Killed Ijyb
  2663 | D:3      | Reached XP level 5. HP: 38/38 MP: 6/9
  2694 | D:3      | Found an ornate altar of the Wu Jian Council.
  2953 | D:4      | Slain by a scorpion

Illustrated notes

Levels and vault maps discovered:
D:1:      evilmike_arrival_crescent, layout_loops_corners
D:2:      layout_basic, minmay_misc_feat_cross, kennysheep_cross_room
D:3:      layout_rooms, nzn_wu_jian_contemplation, uniq_ijyb
D:4:      layout_loops_ring, uniq_robin, uniq_crazy_yiuf_cottage

Skill      XL: |  1  2  3  4  5 |
---------------+----------------+-----
Stealth        | 2 3 |  3.0
Transmutations | 2 |  2.5
Conjurations   | 1 |  1.6
Spellcasting   | 3 |  3.0
Dodging        | |  1.7
Earth Magic    | |  3.9

Action                     |  1- 3 |  4- 6 || total
---------------------------+-------+-------++-------
  Melee: Unarmed           |     6 |       ||     6
         Tailslap          |     9 |    12 ||    21
         Dagger            |    51 |    41 ||    92
   Cast: Sandblast         |    49 |    42 ||    91
   Stab: Sleeping          |     2 |     1 ||     3
 Armour: Skin              |    20 |    21 ||    41
  Dodge: Dodged            |    36 |    41 ||    77
